 Dungeon Crawl Stone Soup version 0.32-a0-871-ge202e49faa (webtiles) character file.

Game seed: 13877070274870323610

2069 TwadoZerker the Cleaver (level 9, -2/118 HPs)
             Began as a Minotaur Berserker on Mar 29, 2024.
             Was an Elder of Trog.
             Killed by divine providence
             ... invoked by Jeremiah
              (11 damage)
             ... on level 6 of the Dungeon.
             The game lasted 00:05:17 (4969 turns).

TwadoZerker the Cleaver (Minotaur Berserker)        Turns: 4969, Time: 00:05:17

Health: -2/118     AC: 24    Str: 24 (26) XL:     9   Next: 5%
Magic:  8/8        EV:  2    Int:  2 (4)  God:    Trog [****..]
Gold:   217        SH:  0    Dex:  7 (10) Spells: 8/8 levels left

rFire   . . .        a - +0 hand axe
rCold   . . .        (no shield)
rNeg    . . .        e - melded +0 ring mail
rPois   +            (helmet currently unavailable)
rElec   .            i - melded scarf {repulsion}
rCorr   .            (gloves currently unavailable)
SInv    .            (boots currently unavailable)
Will    .....        (no amulet)
Stlth   +            (no ring)
HPRegen 0.39/turn    (no ring)
MPRegen 0.11/turn

%: no passive effects
@: tree-form, on berserk cooldown, attractive, slowed, very slow
A: stationary, stasis, torment immunity, boosted hp, (horns 2), (retaliatory
headbutt)
a: Renounce Religion, Berserk, Trog's Hand, Brothers in Arms


You were on level 6 of the Dungeon.
You worshipped Trog.
Trog was greatly pleased with you.
You were a tree.
You visited 1 branch of the dungeon, and saw 6 of its levels.

You collected 217 gold pieces.

Inventory:

Hand Weapons
 a - a +0 hand axe (weapon)
Missiles
 s - 2 throwing nets (quivered)
Armour
 b - a +0 animal skin
 e - a +0 ring mail (melded)
 i - a scarf of repulsion (melded)
Wands
 j - a wand of polymorph (5)
 q - a wand of flame (11)
 r - a wand of charming (6)
Scrolls
 g - 4 scrolls of fog {unknown}
 k - 2 scrolls of enchant armour {unknown}
 l - 2 scrolls of teleportation {unknown}
 n - a scroll of torment {unknown}
 o - a scroll of immolation {unknown}
 p - 2 scrolls of identify {unknown}
 t - a scroll of poison {unknown}
Potions
 h - 2 potions of curing
 m - 3 potions of lignification


   Skills:
 + Level 7.3 Fighting
 * Level 9.7 Axes
 + Level 6.8 Armour
 + Level 5.9 Dodging
 - Level 1.0 Stealth


You had 8 spell levels left.
You didn't know any spells.
Your spell library was empty.

Dungeon Overview and Level Annotations

Branches:
Dungeon (6/15)
 Temple: D:4-7

Altars:
Dithmenos
Makhleb
Qazlal

Annotations:
D:1 1 transporter
D:6 Jeremiah


Innate Abilities, Weirdness & Mutations

You are a tree.
Your roots penetrate the ground, keeping you stationary.
You cannot be teleported.
You are immune to unholy pain and torment.
Your maximum health is greatly increased.
Your equipment is partially melded.
((You have a pair of horns on your head.))
((You reflexively headbutt those who attack you in melee.))


Message History

The yak gores you.
* * * LOW HITPOINT WARNING * * *
The iguana bites you.
* * * LOW HITPOINT WARNING * * *
The kobold brigand hits you but does no damage.
The shadow slips into darkness.
The shadow flickers and vanishes!
Deactivating autopickup; reactivate with Ctrl-A.
The hound bites you but does no damage.
The bullfrog hits you but does no damage.
Unknown command.
You closely miss the yak.
The yak is almost dead.
You hit the hound. You hit the kobold brigand. You hit the bullfrog.
You hit the iguana. You closely miss the adder.
The adder bites you but does no damage. The hound bites you but does no damage.
The bullfrog hits you but does no damage.
The kobold brigand hits you with a +4 whip.
* * * LOW HITPOINT WARNING * * *
The yak gores you but does no damage.
The iguana bites you but does no damage.
The adder bites you but does no damage. The hound bites you but does no damage.
Jeremiah, Barachi Dreamer comes into view.
They are wielding a +2 trident of draining and wearing an orb of energy.
Jeremiah is attracted toward you.
You hit the yak.
You kill the yak!
Trog accepts your kill.
You barely miss the bullfrog. You hit the iguana but do no damage.
You barely miss the adder. You hit the hound.
You hit the kobold brigand but do no damage.
The bullfrog hits you.
* * * LOW HITPOINT WARNING * * *
The hound bites you but does no damage.
The kobold brigand hits you but does no damage.
The iguana bites you but does no damage.
The adder bites you but does no damage. The bullfrog completely misses you.
Jeremiah lets out a twisted cry.
Something smites you!
You die...
Jeremiah wails, "I didn't mean to kill anyone!
I'm not a murderer!"

... ....
#####..$
#......
#....####
#Kh.b...#
#Sh5bF..§
#♣Kch#
.....BlfF{K....
..###(f##hO##..
#.. .## #.# #
.. ##. ##


You could see Jeremiah, a kobold brigand, an ogre, 2 sleepcaps, a bullfrog, a
centaur, a bombardier beetle, an iguana, 4 hounds, an adder, a shadow imp and 2
kobolds.

Vanquished Creatures
  Grinder (D:4)
  Sigmund (D:4)
  5 yaks (D:6)
  Eustachio (D:4)
  Menkaure (D:4)
  2 black bears
  A kobold brigand (D:5)
  A phantom (D:3)
  A bombardier beetle (D:3)
  2 jellies
  A hound (D:6)
  3 iguanas
  Jessica (D:2)
  4 orc wizards
  Robin (D:2)
  4 gnolls (D:2)
  6 adders
  A white imp (D:6)
  A ribbon worm (D:2)
  2 dart slugs (D:1)
  4 orcs
  6 endoplasms
  4 giant cockroaches
  10 hobgoblins
  2 jackals (D:1)
  4 quokkas
  9 ball pythons
  3 bats (D:3)
  5 frilled lizards
  14 goblins
  14 kobolds
  7 rats
122 creatures vanquished.

Notes
Turn   | Place    | Note
-------+----------+-------------------------------------------
     0 | D:1      | TwadoZerker the Minotaur Berserker began the quest for the
                  | Orb.
     0 | D:1      | Reached XP level 1. HP: 19/19 MP: 0/0
    87 | D:1      | Reached XP level 2. HP: 20/27 MP: 1/1
    92 | D:1      | Reached skill level 4 in Axes
   446 | D:1      | Reached ** piety under Trog
   742 | D:1      | Reached XP level 3. HP: 33/33 MP: 2/2
  1062 | D:2      | Noticed Jessica
  1064 | D:2      | Killed Jessica
  1109 | D:2      | Reached XP level 4. HP: 27/41 MP: 3/3
  1176 | D:2      | Reached skill level 5 in Axes
  1480 | D:2      | Noticed Robin
  1488 | D:2      | Killed Robin
  1489 | D:2      | Reached XP level 5. HP: 47/47 MP: 4/4
  1852 | D:3      | Found a stormy altar of Qazlal.
  1859 | D:3      | Reached skill level 5 in Fighting
  2271 | D:3      | Reached XP level 6. HP: 28/56 MP: 5/5
  2839 | D:3      | Reached *** piety under Trog
  2857 | D:3      | Reached skill level 6 in Axes
  3036 | D:3      | Found a burning altar of Makhleb.
  3482 | D:4      | Reached skill level 1 in Stealth
  3482 | D:4      | Reached XP level 7. HP: 49/61 MP: 6/6
  3601 | D:4      | Noticed Eustachio
  3625 | D:4      | Killed Eustachio
  3626 | D:4      | Reached skill level 7 in Axes
  3626 | D:4      | Reached skill level 5 in Armour
  3735 | D:4      | Noticed Menkaure
  3742 | D:4      | Killed Menkaure
  3806 | D:4      | Noticed Grinder
  3822 | D:4      | Killed Grinder
  3823 | D:4      | Noticed Sigmund
  3866 | D:4      | Killed Sigmund
  3867 | D:4      | Reached skill level 8 in Axes
  3867 | D:4      | Reached XP level 8. HP: 9/71 MP: 7/7
  4406 | D:5      | Entered Level 5 of the Dungeon
  4434 | D:5      | Reached skill level 5 in Dodging
  4613 | D:5      | Identified the +5 short sword "Egeoreyt" {elec, rPois}
  4815 | D:5      | Found a shadowy altar of Dithmenos.
  4940 | D:6      | Reached skill level 9 in Axes
  4953 | D:6      | Reached **** piety under Trog
  4954 | D:6      | Reached XP level 9. HP: 79/79 MP: 8/8
  4960 | D:6      | Noticed a troll
  4968 | D:6      | Noticed Jeremiah
  4969 | D:6      | Killed from afar by Jeremiah

Illustrated notes

Levels and vault maps discovered:
D:1:      spicycebolla_arrival_risky_transporter, layout_basic, serial_forest,
          infiniplex_forest_zigzag_1, infiniplex_forest_clump_cross,
          infiniplex_forest_clump_tiny, infiniplex_forest_end_2,
          infiniplex_forest_clump_large, infiniplex_forest_straight_3,
          infiniplex_forest_clump_C, infiniplex_forest_clump_small
D:2:      layout_basic, uniq_robin, uniq_jessica
D:3:      minmay_general_purpose_star, layout_rooms, lemuel_tele_altar,
          nicolae_qazlal_scattered_showers, nicolae_hexahallways
D:4:      layout_basic, uniq_eustachio, uniq_menkaure, uniq_sigmund,
          uniq_grinder
D:5:      layout_cave_pools, lemuel_coloured_pillars_altar, corexii_shack,
          lexackson_kobold_supper
D:6:      hangedman_cross_stitches, layout_rooms, uniq_jeremiah

Skill      XL: |  1  2  3  4  5  6  7  8 |
---------------+-------------------------+-----
Fighting       | 4 5 6 7 |  7.3
Axes           | 4 5 6 8 9 |  9.7
Armour         | 3 4 5 6 |  6.8
Dodging        | 3 4 5 |  5.9
Stealth        | 1 |  1.0

Action                     |  1- 3 |  4- 6 |  7- 9 || total
---------------------------+-------+-------+-------++-------
  Melee: Hand axe          |    52 |   140 |   105 ||   297
         Headbutt          |    10 |    18 |    13 ||    41
 Invoke: Berserk           |       |     5 |     5 ||    10
    Use: Potion            |       |       |     6 ||     6
   Stab: Sleeping          |     1 |       |       ||     1
 Armour: Animal skin       |    15 |       |       ||    15
         Ring mail         |     6 |   110 |    66 ||   182
         Skin              |       |       |   102 ||   102
  Dodge: Dodged            |    30 |    82 |    48 ||   160
         Repelled          |       |       |     3 ||     3

Table legend: (Time is in decaauts)
 A = Elapsed time spent in this place.
 B = Non-inter-level travel time spent in this place.
 C = Inter-level travel time spent in this place.
 D = Time resting spent in this place.
 E = Time spent auto-exploring this place.
 F = Levels seen in this place.
 G = Mean time per level.
                   A        B        C        D        E       F      G
               +--------+--------+--------+--------+--------+-----+--------+
         Total |   5056 |   4911 |    145 |    913 |   3326 |   6 |  842.7 |
       Dungeon |   5056 |   4911 |    145 |    913 |   3326 |   6 |  842.7 |
               +--------+--------+--------+--------+--------+-----+--------+

Top non-repeatable levels by time:
     D:3: 1279 daAuts
     D:4: 1232 daAuts
     D:1: 1063 daAuts
     D:2: 925 daAuts
     D:5: 523 daAuts
     D:6: 31 daAuts
